 Dungeon Crawl Stone Soup version 0.30-a0-626-gd6a5dd7a1f (webtiles) character file.

Game seed: 12527482595343485851

1855 kae the Changer (level 8, -2/64 HPs)
             Began as a Demonspawn Transmuter on Jan 11, 2023.
             Was a Believer of Ru.
             Slain by a seven-headed hydra (9 damage)
             ... on level 7 of the Dungeon.
             The game lasted 00:08:07 (6764 turns).

kae the Changer (Demonspawn Transmuter)             Turns: 6764, Time: 00:08:08

Health: -2/64      AC:  9    Str: 11    XL:     8   Next: 89%
Magic:  22/24      EV: 10    Int: 16    God:    Ru [**....]
Gold:   1423       SH:  0    Dex: 14    Spells: 6/16 levels left

rFire   x . .      SeeInvis .      - Unarmed
rCold   + + +      Faith    .    (shield currently unavailable)
rNeg    . . .      Spirit   .    (body armour currently unavailable)
rPois   +          Reflect  .    (helmet currently unavailable)
rElec   .          Harm     .    (cloak currently unavailable)
rCorr   .          Rampage  .    (gloves currently unavailable)
Will    .....                    (boots currently unavailable)
Stlth   +                        (no amulet)
HPRegen 0.30/turn                W - ring of magical power
MPRegen 0.19/turn                Z - ring of wizardry

@: ice-form, studying Polearms
A: freezing attack, amphibious, boosted hp, large, (large bone plates 2), (spiny
2), hated by all
a: End Transformation, Renounce Religion


You were on level 7 of the Dungeon.
You worshipped Ru.
Ru was pleased with you.
You were a creature of crystalline ice.
You visited 2 branches of the dungeon, and saw 8 of its levels.

You collected 1423 gold pieces.


Innate Abilities, Weirdness & Mutations

You are a creature of crystalline ice.
You have a powerful freezing melee attack.
You are amphibious.
Your maximum health is increased.
Your armour is entirely melded.
You are incapable of wielding weapons or throwing items.
((You are mostly covered in large bone plates. (SH +6)))
((You are mostly covered in sharp spines.))
You are hated by all.


   Skills:
 - Level 1.0 Fighting
 - Level 1.7 Dodging
 + Level 5.1 Unarmed Combat
 + Level 4.8 Spellcasting
 * Level 6.7 Transmutations
 * Level 5.0 Ice Magic
 - Level 1.0 Poison Magic


You had 6 spell levels left.
You knew the following spells:

 Your Spells              Type           Power      Damage    Failure   Level
a - Beastly Appendage     Tmut           50%        N/A       1%          1
b - Wereblood             Tmut           25%        N/A       1%          2
c - Spider Form           Tmut/Pois      16%        N/A       4%          3
d - Ice Form              Ice/Tmut       22%        N/A       6%          4

Your spell library contained the following spells:

 Spells                   Type           Power      Damage    Failure   Level
 Ozocubu's Armour         Ice            19%        N/A       2%          3
 Shock                    Conj/Air       12%        1d3       6%          1
 Slow                     Hex            12%        N/A       6%          1
 Confusing Touch          Hex            3%         N/A       19%         3
 Swiftness                Air            3%         N/A       19%         3
 Vampiric Draining        Necr           3%         2d6       19%         3
 Airstrike                Air            1%         2d(1-17)  50%         4
 Lightning Bolt           Conj/Air       1%         1d12      83%         5
 Ozocubu's Refrigeration  Ice            9%         4d9       99%         7
 Summon Lightning Spire   Summ/Air       Unusable   N/A       N/A         4

Inventory:

Missiles
 d - 6 silver boomerangs
 g - 87 stones
 t - 5 boomerangs
 u - 6 poisoned darts
Armour
 a - a +0 robe
 j - the +0 leather armour of Insecurity (melded) {Fly rPois rN+ Int+10}
   (You found it on level 2 of the Dungeon)

   Int:       It affects your intelligence (+10).
   rPois:     It protects you from poison.
   rN:        It protects you from negative energy.
   Fly:       It grants you flight.
 x - a +0 cloak
   (You found it on level 6 of the Dungeon)
Magical Staves
 i - a staff of earth {!a}
   (You found it on level 4 of the Dungeon)
Jewellery
 r - an amulet of reflection
   (You found it on level 5 of the Dungeon)
 L - a ring of flight
   (You found it on level 6 of the Dungeon)
 W - a ring of magical power (left front paw)
   (You took it off a goblin on level 3 of the Dungeon)
 Z - a ring of wizardry (right front paw)
   (You found it on level 2 of the Dungeon)
Wands
 f - a wand of polymorph (6)
   (You took it off Blork the orc on level 4 of the Dungeon)
 n - a wand of acid (12)
   (You found it on level 3 of the Dungeon)
 v - a wand of flame (12)
   (You found it on level 6 of the Dungeon)
Scrolls
 c - 4 scrolls of teleportation {@r4}
 h - 3 scrolls of immolation {!r!r}
 k - 3 scrolls of fear
 w - a scroll of vulnerability {!r!r}
Potions
 b - 3 potions of attraction {!q}
 e - 3 potions of flight
 m - 2 potions of heal wounds {@q2}
 o - 3 potions of brilliance {unknown}
 p - a potion of magic
 q - a potion of curing {@q1}
 s - a potion of resistance

Dungeon Overview and Level Annotations

Branches:
Dungeon (7/15) Zot: 26980  Temple (1/1) D:4 Zot: 5832

Altars:
Ashenzari
Cheibriados
Dithmenos
Gozag
Kikubaaqudgha
Makhleb
Okawaru
Qazlal
Ru
Sif Muna
Uskayaw
Vehumet
Wu Jian

## ##
.. ..
♣. .♣
♣. .♣
♣.♣.♣
5o.
##D##
#.Y.#
♣...♣


+<8>+ ♣...♣ #...# ##+## You could see a seven-headed hydra, an orc and an
ufetubus.


Message History

g - 87 stones (gained 5) Key pressed, stopping explore.
Key pressed, stopping explore.
Done exploring.
Done exploring.
Done exploring.
Done exploring.
Done exploring.
Casting: Ice Form (dangerous; 4% risk of failure)
Confirm with . or Enter, or press ? or * to list all spells.
You turn into a creature of crystalline ice.
The +0 leather armour of Insecurity {Fly rPois rN+ Int+10} melds into your body.
You float gracefully downwards. 😎 HP[+10] MP[-4]
You now have 64 max hp (+10).
Your hp is fully restored (64).
You lost 4 mp, and now have 20/24 mp.
Unknown command.
You see here a +0 cloak.
x - a +0 cloak 😎 MP[+1]
You start resting. 😎 MP[+3]
Your mp is fully restored (24).
Okay, then.
(D) Dungeon (T) Temple
Where to? (Enter - D:6, ? - help)
There is a stone staircase leading down here.
You climb downwards.
Found a stone staircase leading down.
There is a stone staircase leading up here.
As you read the scroll of identify {@r1}, it crumbles to dust.
p - a potion of magic
As you read the scroll of identify {@r1}, it crumbles to dust.
s - a potion of resistance You open the door.
An ufetubus, an orc and a sky beast come into view.
The ufetubus shouts!
The orc shouts!
There are monsters nearby!
There are monsters nearby!
There are monsters nearby!
Casting: Ice Form (dangerous; 6% risk of failure)
Confirm with . or Enter, or press ? or * to list all spells.
You miscast Ice Form.
You are very lightly contaminated with residual magic.
Nothing appears to happen.
The sky beast flickers out of sight!
Deactivating autopickup; reactivate with Ctrl-A. 😎 MP[-4]
You lost 4 mp, and now have 20/24 mp.
You miss something. You closely miss something.
Something hits you but does no damage.
You closely miss something.
A sky beast appears from thin air!
Reactivating autopickup.
The sky beast hits you but does no damage.
A seven-headed hydra comes into view.
You hit the sky beast. You freeze the sky beast.
The sky beast closely misses you. 😎 MP[+1]
You hit the sky beast. You freeze the sky beast.
The sky beast flickers out of sight!
Deactivating autopickup; reactivate with Ctrl-A.
Something hits you but does no damage.
You closely miss something. Something hits you but does no damage.
You closely miss something. Something hits you but does no damage.
You completely miss something. Something hits you but does no damage.
Your magical contamination has completely faded away.
You punch something! You freeze something!
Reactivating autopickup.
You feel a bit more experienced.
Your Ice Magic skill increases to level 5!
You completely miss the orc. You punch the seven-headed hydra!
You freeze the seven-headed hydra. The seven-headed hydra bites you!
The seven-headed hydra closely misses you.
The seven-headed hydra bites you! The seven-headed hydra bites you.
The seven-headed hydra bites you but does no damage. x2
The seven-headed hydra barely misses you. 😮 HP[-22] MP[+1]
You take 22 damage, and now have 42/64 hp.
MASSIVE DAMAGE!! (PAUSE)
You hit the seven-headed hydra. You freeze the seven-headed hydra.
The seven-headed hydra closely misses you. x2
The seven-headed hydra bites you but does no damage.
The seven-headed hydra bites you. The seven-headed hydra bites you!
The seven-headed hydra barely misses you.
The seven-headed hydra bites you!
* * * LOW HITPOINT WARNING * * *
😨 HP[-17]
You take 17 damage, and now have 25/64 hp.
MASSIVE DAMAGE!! (PAUSE)
You punch the seven-headed hydra! You freeze the seven-headed hydra.
Unknown command.
You punch the seven-headed hydra! You freeze the seven-headed hydra.
The seven-headed hydra bites you!
* * * LOW HITPOINT WARNING * * *
The seven-headed hydra bites you.
* * * LOW HITPOINT WARNING * * *
The seven-headed hydra barely misses you.
The seven-headed hydra bites you but does no damage.
The seven-headed hydra bites you!
You die...

Skill      XL: |  1  2  3  4  5  6  7  8 |
---------------+-------------------------+-----
Transmutations | 2 3 4 5 6 |  6.7
Unarmed Combat | 3 4 5 |  5.1
Spellcasting   | 3 4 |  4.8
Poison Magic   | 1 |  1.0
Ice Magic      | 2 3 5 |  5.0
Fighting       | |  1.0
Dodging        | |  1.7

Action                   |  1- 3 |  4- 6 |  7- 9 || total
-------------------------+-------+-------+-------++-------
Melee: Unarmed           |    97 |   159 |   154 ||   410
       Headbutt          |     6 |     5 |       ||    11
       Kick              |     9 |     8 |       ||    17
       Punch             |     1 |     1 |       ||     2
 Cast: Beastly Appendage |    18 |    10 |       ||    28
       Spider Form       |     7 |    12 |       ||    19
       Ice Form          |       |     2 |    16 ||    18
       Wereblood         |       |       |     1 ||     1
Invok: Sacrifice Love    |       |       |     1 ||     1
  Use: Scroll            |     6 |     3 |     4 ||    13
       Potion            |       |     7 |       ||     7
Armor: Robe              |    12 |       |       ||    12
       Skin              |     2 |    35 |    54 ||    91
       Leather armour    |       |    12 |       ||    12
Dodge: Dodged            |    51 |   125 |    96 ||   272
Block: Other             |     3 |    15 |       ||    18

Levels and vault maps discovered:
D:1:      elethiomel_arrival_infinity_welcomes_careful_drivers, layout_rooms,
          serial_glass, glass_columns_a, glass_columns_a, glass_columns_b,
          nicolae_ecumenical_snake_handling, kennysheep_decorative_pillar,
          minmay_misc_feat_more_columns
D:2:      minmay_chambers_of_ones, layout_basic
D:3:      layout_basic
D:4:      layout_basic, grunt_dithmenos_smoke, lemuel_tele_altar,
          temple_hall_moat, kennysheep_cluttered_room, minmay_manual_mullet,
          uniq_eustachio, uniq_blork_the_orc
D:5:      layout_gridville, lemuel_round_altar, dk_vineyard_2
D:6:      layout_cave_pools, mainiacjoe_overflow_tiny_flanked,
          bh_walls_and_bars, uniq_duvessa, uniq_edmund
D:7:      nzn_winding_woodlands_stair_cross [nzn_winding_woodlands_5x15_twine,
          nzn_winding_woodlands_center_lodge,
          nzn_winding_woodlands_5x15_longhouse,
          nzn_winding_woodlands_5x5_closed_star,
          nzn_winding_woodlands_5x5_checkerboard,
          nzn_winding_woodlands_5x15_sidewinder,
          nzn_winding_woodlands_center_diamonds,
          nzn_winding_woodlands_5x15_zeroes], layout_loops_ring, bloody_trog
Temple:   nicolae_temple_bog_church

Notes
Turn   | Place    | Note
-------+----------+-------------------------------------------
     0 | D:1      | kae the Demonspawn Transmuter began the quest for the Orb.
     0 | D:1      | Reached XP level 1. HP: 15/15 MP: 3/3
     0 | D:1      | magus.rc [v1.11.3]
   108 | D:1      | You fall into a shaft and drop 1 floor!
   147 | D:2      | Reached skill level 2 in Transmutations
   418 | D:1      | Identified a scroll of acquirement
   418 | D:1      | Acquired 977 gold pieces
   464 | D:1      | magus.rc [v1.11.3]
   471 | D:1      | Gained mutation: You are partially covered in large bone
                  | plates. (SH +4) [demonic ancestry]
   471 | D:1      | Reached XP level 2. HP: 15/17 MP: 3/5
   474 | D:1      | Learned a level 2 spell: Wereblood
   499 | D:1      | Found a faded altar of an unknown god.
   801 | D:1      | You add the spells Ozocubu's Armour and Ozocubu's
                  | Refrigeration to your library.
  1165 | D:2      | Reached skill level 3 in Unarmed Combat
  1222 | D:2      | Reached XP level 3. HP: 26/26 MP: 4/6
  1226 | D:2      | Learned a level 3 spell: Spider Form
  1646 | D:2      | Identified the +0 leather armour of Insecurity {Fly rPois
                  | rN+ Int+10}
  1809 | D:3      | Reached skill level 3 in Transmutations
  2034 | D:3      | Gained mutation: You are mostly covered in large bone
                  | plates. (SH +6) [demonic ancestry]
  2034 | D:3      | Reached XP level 4. HP: 28/32 MP: 7/7
  2975 | D:4      | You pick up a book of Debilitation and begin reading...
  2975 | D:4      | You add the spells Slow, Vampiric Draining and Confusing
                  | Touch to your library.
  2980 | D:4      | Found an opulent altar of Gozag.
  3109 | D:4      | Noticed Eustachio
  3168 | D:4      | HP: 4/32 [Eustachio/+0 rapier (9)]
  3174 | D:4      | HP: 5/48 [Eustachio/+0 rapier (3)]
  3181 | D:4      | HP: 10/48 [river rat[Eustachio] (3)]
  3189 | D:4      | HP: 10/48 [crimson imp[Eustachio] (2)]
  3199 | D:4      | Killed Eustachio
  3200 | D:4      | Reached skill level 3 in Spellcasting
  3200 | D:4      | Reached skill level 4 in Transmutations
  3200 | D:4      | Reached skill level 1 in Poison Magic
  3200 | D:4      | Gained mutation: You are partially covered in sharp spines.
                  | [demonic ancestry]
  3200 | D:4      | Reached XP level 5. HP: 15/37 MP: 9/9
  3200 | D:4      | Gained mutation: You are mostly covered in sharp spines.
                  | [demonic ancestry]
  3200 | D:4      | Reached XP level 6. HP: 17/43 MP: 10/10
  3339 | D:4      | Learned a level 4 spell: Ice Form
  3380 | D:4      | Found a shadowy altar of Dithmenos.
  3402 | D:4      | Reached skill level 1 in Ice Magic
  3565 | D:4      | Found a staircase to the Ecumenical Temple.
  3604 | Temple   | Entered the Ecumenical Temple
  3761 | Temple   | Became a worshipper of Ru the Awakened
  3964 | D:4      | Noticed Blork the orc
  3983 | D:4      | Killed Blork the orc
  4223 | D:4      | Reached skill level 4 in Unarmed Combat
  4398 | D:4      | Reached skill level 2 in Ice Magic
  4398 | D:4      | Reached XP level 7. HP: 35/48 MP: 12/12
  4406 | D:4      | HP: 12/48 [poisoned by a scorpion]
  4645 | D:5      | Entered Level 5 of the Dungeon
  4681 | D:5      | Reached skill level 5 in Transmutations
  4759 | D:5      | You pick up a book of Air and begin reading...
  4759 | D:5      | You add the spells Shock, Swiftness and Airstrike to your
                  | library.
  4969 | D:5      | Reached skill level 4 in Spellcasting
  4970 | D:5      | Reached skill level 3 in Ice Magic
  5151 | D:5      | Reached XP level 8. HP: 51/54 MP: 14/14
  5254 | D:5      | Reached skill level 6 in Transmutations
  5356 | D:4      | Reached skill level 4 in Ice Magic
  5444 | D:5      | Gained mutation: You are hated by all. [Ru sacrifice]
  5444 | D:5      | Reached * piety under Ru
  5444 | D:5      | Reached ** piety under Ru
  5826 | D:6      | Noticed Duvessa
  5826 | D:6      | Noticed Dowan
  5838 | D:6      | Killed Duvessa
  5852 | D:6      | Killed Dowan
  5880 | D:6      | Noticed Edmund
  5888 | D:6      | Killed Edmund
  5983 | D:6      | Reached skill level 5 in Unarmed Combat
  6043 | D:6      | You pick up a book of Storms and begin reading...
  6753 | D:7      | Noticed a seven-headed hydra
  6760 | D:7      | Reached skill level 5 in Ice Magic
  6764 | D:7      | HP: 13/64 [seven-headed hydra (12)]
  6764 | D:7      | Slain by a seven-headed hydra

Vanquished Creatures
  Eustachio (D:4)
  Duvessa (D:6)
  An orc warrior (D:6)
  A sky beast (D:7)
  2 ogres (D:5)
  A phantom (D:5)
  Blork the orc (D:4)
  7 scorpions
  Dowan (D:6)
  An orc priest (D:6)
  3 hounds
  A gnoll bouda (D:5)
  6 iguanas
  2 orc wizards (D:5)
  4 adders
  4 gnolls (D:5)
  A shadow imp (D:5)
  A white imp (D:6)
  An ufetubus (D:4)
  A worm (D:2)
  4 dart slugs
  24 orcs
  8 endoplasms
  3 giant cockroaches
  5 goblins
  5 hobgoblins
  3 jackals
  6 quokkas
  5 ball pythons
  A bat (D:3)
  3 frilled lizards
  5 kobolds
  6 rats
119 creatures vanquished.

Vanquished Creatures (others)
  Edmund (D:6)
1 creature vanquished.

Grand Total: 120 creatures vanquished

Table legend:
 A = Non-vault XP
 B = Vault XP
 C = Vault XP percentage of total XP
 D = Non-vault monster count
 E = Vault monster count
 F = Vault count percentage of total count
                 A         B        C        D         E       F
            +---------+---------+-------+---------+---------+-------
      Total |    1866 |     785 |  29.6 |     106 |      14 |  11.7
            +---------+---------+-------+---------+---------+-------
        D:1 |      28 |       0 |   0.0 |      16 |       0 |   0.0
        D:2 |      33 |       7 |  17.5 |       9 |       5 |  35.7
        D:3 |      64 |       0 |   0.0 |      24 |       0 |   0.0
        D:4 |     439 |     313 |  41.6 |      17 |       5 |  22.7
        D:5 |     940 |       0 |   0.0 |      31 |       0 |   0.0
        D:6 |     362 |     336 |  48.1 |       9 |       3 |  25.0
        D:7 |       0 |     129 | 100.0 |       0 |       1 | 100.0
            +---------+---------+-------+---------+---------+-------

Illustrated notes

Table legend:
 A = Kills in this place as a percentage of kills in entire the game.
 B = Kills by you in this place as a percentage of kills by you in the entire game.
 C = Kills by friends in this place as a percentage of kills by friends in the entire game.
 D = Other kills in this place as a percentage of other kills in the entire game.
 E = Experience gained in this place as a percentage of experience gained in the entire game.
 F = Experience gained in this place divided by the number of levels of this place that you have seen.
                   A       B       C       D       E      F
               +-------+-------+-------+-------+-------+----------------------
         Total | 100.0 | 100.0 |   N/A | 100.0 | 100.0 | 331.4
       Dungeon | 100.0 | 100.0 |   N/A | 100.0 | 100.0 | 378.7
               +-------+-------+-------+-------+-------+----------------------

Table legend: (Time is in decaauts)
 A = Elapsed time spent in this place.
 B = Non-inter-level travel time spent in this place.
 C = Inter-level travel time spent in this place.
 D = Time resting spent in this place.
 E = Time spent auto-exploring this place.
 F = Levels seen in this place.
 G = Mean time per level.
                   A        B        C        D        E       F      G
               +--------+--------+--------+--------+--------+-----+--------+
         Total |   6735 |   6470 |    265 |    253 |   5184 |   8 |  841.9 |
       Dungeon |   6567 |   6327 |    240 |    253 |   5053 |   7 |  938.1 |
        Temple |    167 |    143 |     24 |      0 |    131 |   1 |  167.0 |
               +--------+--------+--------+--------+--------+-----+--------+

Top non-repeatable levels by time:
     D:4: 1758 daAuts
     D:5: 1205 daAuts
     D:3: 1048 daAuts
     D:2: 1035 daAuts
     D:6: 777 daAuts
     D:1: 724 daAuts
  Temple: 167 daAuts
     D:7: 18 daAuts
